AoeStats
← Clueless Clown

Nomad

503185703Analyzed
4v4 RM · 1mo ago on Aug 30, 2026· 52m 42s· 8 players
Game mode
Random Map
Map size
231×231
Population
200
Speed
Normal
Resources
Standard
Victory
Conquest
Starting age
Dark Age
Ending age
Imperial Age
RankedLock teamsTeams togetherTeam positionsShared explorationLock speedFull tech treeHidden civsTurbo modeCheats
Victory
Defeat
🇺🇸 Italians · United States
1039
+15
🇪🇸 Spanish · Spain
1027
+16
🇺🇸 Vietnamese · United States
1006
+17
🇺🇸 Tatars · United States
1003
+17
🇩🇪 Armenians · Germany
1101
-20
🇧🇷 Khmer · Brazil
1001
-15
🇭🇰 Ethiopians · Hong Kong SAR China
1000
-46
🇺🇸 Franks · United States
967
-14
bjharris17
4:50 Loom
14:12 Feudal Age
23:02 Castle Age
24:17 Pikeman
26:29 Forging
26:20 Scale Mail Armor
34:11 Horse Collar
34:22 Double-Bit Axe
35:31 Bloodlines
37:39 Wheelbarrow
41:15 Imperial Age
41:01 Fletching
41:11 Padded Archer Armor
41:48 Iron Casting
41:18 Scale Barding Armor
41:38 Ballistics
41:45 Hand Cart
41:42 Bow Saw
41:37 Heavy Plow
41:42 Light Cavalry
43:13 Halberdier
44:02 Bodkin Arrow
44:23 Leather Archer Armor
44:25 Heavy Cavalry Archer
46:01 Silk Armor
46:23 Conscription
46:31 Bracer
46:53 Chain Barding Armor
47:53 Town Watch
Clueless Clown
9:40 Loom
13:45 Feudal Age
17:33 Castle Age
15:41 Fishing Lines
16:15 Fletching
16:34 Double-Bit Axe
17:24 Gold Mining
18:00 Crossbowman
21:22 Medium Warships
24:03 Bow Saw
24:58 Bodkin Arrow
26:33 Padded Archer Armor
27:45 Leather Archer Armor
28:27 Gillnets
34:59 Imperial Age
33:12 Horse Collar
33:50 Thumb Ring
34:12 Silk Road
34:24 Ballistics
34:42 Heavy Plow
34:55 Careening
34:55 Clinker Construction
34:37 Guard Tower
34:57 Siphons
34:34 Treadmill Crane
34:56 Murder Holes
36:52 Chemistry
36:53 Bracer
37:24 Ring Archer Armor
37:37 Heavy Warships
36:37 Demolition Ship
38:09 Arbalester
39:27 Conscription
38:28 Elite Genoese Crossbowman
41:20 Wheelbarrow
43:28 Shipwright
43:30 Carvel Hull
43:31 Dry Dock
51:43 Town Watch
52:13 Hand Cart
Bullseye42
9:10 Loom
16:51 Feudal Age
18:17 Wheelbarrow
17:29 Town Watch
17:33 Fishing Lines
18:11 Double-Bit Axe
23:02 Castle Age
21:06 Padded Archer Armor
22:20 Fletching
24:31 Medium Warships
24:41 Hand Cart
25:04 Bow Saw
24:57 Horse Collar
25:24 Stone Mining
25:26 Gold Mining
25:41 Bodkin Arrow
28:40 Ballistics
29:40 Pikeman
34:24 Heavy Plow
34:41 Leather Archer Armor
36:10 Stone Shaft Mining
35:36 Elite Skirmisher
38:48 Scale Mail Armor
41:52 Chain Mail Armor
41:55 Heated Shot
48:29 Imperial Age
48:23 Thumb Ring
49:41 Heavy Warships
50:11 Town Patrol
50:59 Hoardings
50:50 Paper Money
50:17 Imperial Skirmisher
52:27 Ring Archer Armor
iochoam91
7:15 Loom
17:16 Feudal Age
20:53 Castle Age
20:37 Padded Archer Armor
21:14 Bloodlines
22:33 Wheelbarrow
24:17 Leather Archer Armor
45:56 Hand Cart
Lost My Scout
5:04 Loom
19:52 Feudal Age
20:15 Fishing Lines
20:25 Double-Bit Axe
21:23 Wheelbarrow
20:34 Town Watch
20:43 Stone Mining
20:46 Gold Mining
20:44 Arson
25:17 Fletching
25:33 Scale Barding Armor
25:38 Forging
25:29 Scale Mail Armor
27:55 Castle Age
28:03 Pikeman
28:44 Squires
28:50 Gillnets
29:09 Town Patrol
30:26 Bodkin Arrow
33:24 Husbandry
34:38 Murder Holes
34:54 Masonry
35:15 Bow Saw
36:50 Gold Shaft Mining
37:11 Hand Cart
46:10 Imperial Age
43:48 Light Cavalry
46:50 Ballistics
46:29 Guard Tower
47:14 Conscription
47:10 Cavalier
49:02 Chemistry
47:48 Arrowslits
48:34 Architecture
49:29 Cavalier
Kevlar Kevin
5:47 Loom
14:02 Feudal Age
15:25 Double-Bit Axe
15:36 Gold Mining
20:38 Fletching
25:16 Castle Age
26:24 Medium Warships
27:32 Bodkin Arrow
33:52 Ballistics
38:21 Imperial Age
40:13 Wheelbarrow
41:52 Heavy Warships
44:05 Chemistry
44:52 Man-at-Arms
45:33 Squires
45:18 Gambesons
45:19 Arson
45:33 Capped Ram
48:22 Siege Ram
49:27 Scale Mail Armor
49:37 Forging
49:25 Long Swordsman
51:31 Pikeman
MM_UU
14:40 Feudal Age
12:57 Loom
21:16 Castle Age
21:39 Crossbowman
27:44 Fletching
28:34 Elite Skirmisher
35:18 Padded Archer Armor
44:33 Wheelbarrow
44:20 Gold Mining
45:04 Town Watch
45:32 Bodkin Arrow
TT
3:32 Loom
18:30 Feudal Age
21:37 Castle Age
19:24 Town Watch
22:17 Bloodlines
23:11 Husbandry
22:33 Light Cavalry
28:19 Double-Bit Axe
34:15 Imperial Age
39:13 Wheelbarrow
42:10 Hand Cart
42:58 Ballistics
42:39 Murder Holes
43:55 Capped Ram
45:57 Chemistry
45:34 Masonry
47:01 Siege Engineers
47:43 Double Crossbow
49:19 Heavy Scorpion
51:17 Fletching
51:28 Padded Archer Armor
Connection lost

Rejoining the realm…

Still unreachable

The connection could not be restored.

Session expired

The server has moved on; the page needs a fresh start.